 Dungeon Crawl Stone Soup version 0.29-a0-275-g389c0b56f3 (webtiles) character file.

Game seed: 3787055962405317573

13353 Morbidden the Grappler (level 11, -8/101 HPs)
             Began as a Troll Air Elementalist on Mar 12, 2022.
             Was a High Priest of Cheibriados.
             Mangled by a two-headed ogre
             ... wielding a +0 giant spiked club
              (19 damage)
             ... on level 10 of the Dungeon.
             The game lasted 00:21:44 (11067 turns).

Morbidden the Grappler (Troll Air Elementalist)    Turns: 11067, Time: 00:21:44

Health: -8/101     AC: 10    Str: 30    XL:     11   Next: 74%
Magic:  9/18       EV: 14    Int: 27    God:    Cheibriados [*****.]
Gold:   628        SH:  0    Dex: 28    Spells: 8/21 levels left

rFire   . . .      SeeInvis .     - Unarmed
rCold   . . .      Faith    .   (no shield)
rNeg    . . .      Spirit   .   r - +3 troll leather armour {Pargi}
rPois   .          Reflect  .   (helmet restricted)
rElec   .          Harm     .   d - +0 cloak
rCorr   .          Rampage  .   (gloves unavailable)
Will    .....      Rage     1%  (boots unavailable)
Stlth   ++........              s - amulet of magic regeneration
HPRegen 1.86/turn               x - +6 ring of dexterity
MPRegen 0.56/turn               (no ring)

@: studying Long Blades, very slow
A: large, unfitting armour, claws 3, regeneration 1, shaggy fur 1, tough skin 1,
berserk 1, sense surroundings 2
a: Renounce Religion, Bend Time, Temporal Distortion, Slouch, Step From Time


You were on level 10 of the Dungeon.
You worshipped Cheibriados.
Cheibriados was extremely pleased with you.
You visited 2 branches of the dungeon, and saw 11 of its levels.
You also visited: Sewer and Ossuary.

You collected 628 gold pieces.

Inventory:

Hand Weapons
 b - the +10 demon blade "Piuschiq" {pain, rC+ Dex+2 Stlth+}
   (You acquired it on level 9 of the Dungeon)

   In the hands of one skilled in necromantic magic, it inflicts extra damage on
   living creatures.
   Dex:       It affects your dexterity (+2).
   rC:        It protects you from cold.
   Stlth:     It makes you more stealthy.
Missiles
 g - 43 poisoned darts
 p - 3 throwing nets
 B - 2 large rocks (quivered)
 F - 6 boomerangs
Armour
 a - a +0 robe
 d - a +0 cloak (worn)
 r - a +3 troll leather armour (worn) {Pargi}
Jewellery
 s - an amulet of magic regeneration (around neck)
 x - a +6 ring of dexterity (left claw)
Wands
 h - a wand of mindburst (9)
 z - a wand of acid (14)
 C - a wand of polymorph (8)
Scrolls
 c - 4 scrolls of immolation
 e - 6 scrolls of teleportation
 f - 9 scrolls of identify
 i - 2 scrolls of amnesia
 k - a scroll of enchant weapon
 o - 3 scrolls of magic mapping
 w - 2 scrolls of fear {unknown}
 D - a scroll of holy word {unknown}
 E - a scroll of fog {unknown}
Potions
 j - 3 potions of magic
 l - a potion of haste {unknown}
 m - 2 potions of brilliance
 n - a potion of curing {unknown}
 q - 2 potions of might {unknown}
 t - 2 potions of mutation
 u - 6 potions of ambrosia
 v - 2 potions of berserk rage {unknown}
 A - a potion of heal wounds {unknown}


   Skills:
 * Level 4.8 Fighting
 + Level 2.0 Long Blades
 + Level 2.6 Armour
 * Level 5.8 Dodging
 + Level 1.4 Stealth
 * Level 8.7 Unarmed Combat
 * Level 5.7 Spellcasting
 + Level 3.2 Conjurations
 * Level 3.1 Transmutations
 * Level 5.7 Air Magic
 * Level 3.4 Earth Magic


You had 8 spell levels left.
You knew the following spells:

 Your Spells              Type           Power      Damage    Failure   Level
a - Shock                 Conj/Air       100%       1d9       1%          1
b - Airstrike             Air            19%        N/A       7%          4
c - Statue Form           Tmut/Erth      16%        N/A       96%         6
z - Static Discharge      Conj/Air       32%        N/A       1%          2

Your spell library contained the following spells:

 Spells                   Type           Power      Damage    Failure   Level
 Swiftness                Air            38%        N/A       1%          3
 Foxfire                  Conj/Fire      64%        2x1d7     3%          1
 Animate Skeleton         Necr           14%        N/A       8%          1
 Pain                     Necr           28%        1d5       8%          1
 Scorch                   Fire           14%        2d6       11%         2
 Inner Flame              Hex/Fire       7%         N/A       22%         3
 Vampiric Draining        Necr           7%         2d6       22%         3
 Flame Wave               Conj/Fire      16%        2d6       36%         4
 Leda's Liquefaction      Hex/Erth       8%         N/A       36%         4
 Lee's Rapid Deconstruct  Erth           13%        3d10*     45%         5
 Freezing Cloud           Conj/Ice/Air   11%        6-21      52%         5
 Summon Cactus Giant      Summ           3%         N/A       100%        6


Dungeon Overview and Level Annotations

Branches:
Dungeon (10/15)            Temple (1/1) D:5            Lair (0/6) D:8
  Sewer (visited)         Ossuary (visited)
    Orc: D:9-12

Altars:
Ashenzari
Cheibriados
Dithmenos
Elyvilon
Fedhas
Gozag
Hepliaklqana
Kikubaaqudgha
Makhleb
Okawaru
Qazlal
Ru
Sif Muna
Trog
Uskayaw
Vehumet
Wu Jian
Xom
Yredelemnul
Zin
The Shining One

Shops:
D:2 :   D:3 *   D:8 ?

Annotations:
D:6 exclusion: 2 doors


Innate Abilities, Weirdness & Mutations

You are too large for most types of armour.
You have claws for hands.
Your natural rate of healing is unusually fast.
You are covered in fur. (AC +1)
You have tough skin. (AC +1)
You tend to lose your temper in combat.
You passively map the area around you.


Message History

Things that are here:
a +0 giant club; a +0 giant spiked club; a +0 giant club The two-headed ogre attacks as you move away!
The two-headed ogre hits you with a +0 giant spiked club!!
The two-headed ogre hits you with a +0 giant spiked club.
You scratch the two-headed ogre.
The two-headed ogre is lightly wounded.
The two-headed ogre misses you.
The two-headed ogre hits you with a +0 giant spiked club!
Unknown command.
You scratch the two-headed ogre but do no damage.
Your claw misses the two-headed ogre.
The two-headed ogre is lightly wounded.
Unknown command.
You claw the two-headed ogre!
The two-headed ogre is moderately wounded.
The two-headed ogre hits you with a +0 giant spiked club!!
The two-headed ogre misses you.
Unknown command.
You barely miss the two-headed ogre.
The two-headed ogre is moderately wounded.
Unknown command.
You scratch the two-headed ogre.
The two-headed ogre is moderately wounded.
The two-headed ogre closely misses you.
The two-headed ogre hits you with a +0 giant spiked club!!
* * * LOW HITPOINT WARNING * * *
Unknown command.
Unknown command.
As you read the scroll of summoning, it crumbles to dust.
Wisps of shadow whirl around you...
The two-headed ogre hits you with a +0 giant spiked club!!
* * * LOW HITPOINT WARNING * * *
The two-headed ogre closely misses you.
Unknown command.
Unknown command.
You swap places.
The two-headed ogre attacks as you move away!
The two-headed ogre hits you with a +0 giant spiked club!!
You die...

* ,........., , ,,
*#..... ......). , ,
#..... ......#, , ,
#..... *, *.....#,
#..... ,, ..).# * *
#..... * ... * , #.....
#.# ,, #.....
#.####################.
#...uO@y#.....#.....##.
#######.#.###.#.###.##.
#..c#.#<#.....#.##. ,
#.###.#.#######.##. ,*
###.....#.# #....
#.............# #####
###############


You could see a cyan ugly thing, a two-headed ogre (ally target), 2 friendly
vampire mosquitoes and a friendly centaur (summoned).

Vanquished Creatures
  A centaur warrior (D:9)
  2 two-headed ogres (D:10)
  A deep elf pyromancer (D:10)
  A cyclops (D:7)
  A gargoyle (D:10)
  A queen bee (D:9)
  2 trolls
  2 hornets
  6 slime creatures
  16 yaks
  Eustachio (D:5)
  A wyvern (D:8)
  2 steam dragons (D:8)
  4 vampire mosquitoes (D:10)
  A water moccasin (D:6)
  An acid dragon (D:9)
  An orc warrior (D:8)
  Pargi (Sewer)
  3 sky beasts
  A boggart (D:10)
  3 ogres
  4 centaurs
  5 kobold brigands
  A bullfrog (D:8)
  Blork the orc (D:6)
  A gnoll sergeant (D:10)
  5 scorpions
  8 wights
  29 killer bees
  An electric eel (D:10)
  3 jellies
  A gnoll shaman (D:6)
  4 hounds
  7 orc priests
  3 iguanas
  4 orc wizards
  11 mummies (Ossuary)
  17 gnolls
  10 adders
  A shadow imp (D:8)
  A white imp (D:5)
  An ufetubus (D:6)
  3 worms
  4 dart slugs
  22 orcs
  5 bats
  4 endoplasms
  3 giant cockroaches (D:4)
  7 goblins
  11 hobgoblins
  7 quokkas
  6 ball pythons
  4 frilled lizards
  A gnoll zombie (D:6)
  3 goblin skeletons (Ossuary)
  A jackal zombie (D:6)
  57 kobolds
  2 kobold skeletons (Ossuary)
  3 orc skeletons (Ossuary)
  3 rats
  11 rat skeletons (Ossuary)
327 creatures vanquished.

Notes
Turn   | Place    | Note
-------+----------+-------------------------------------------
     0 | D:1      | Morbidden the Troll Air Elementalist began the quest for
                  | the Orb.
     0 | D:1      | Reached XP level 1. HP: 16/16 MP: 1/1
    74 | D:1      | Reached XP level 2. HP: 24/24 MP: 3/3
   582 | D:1      | Reached XP level 3. HP: 31/31 MP: 0/4
   695 | D:1      | Found a faded altar of an unknown god.
   704 | D:1      | Reached skill level 1 in Unarmed Combat
  1333 | D:2      | Found Zaymull's Book Emporium.
  1536 | D:2      | Found a shadowy altar of Dithmenos.
  1645 | D:2      | Reached skill level 1 in Conjurations
  2234 | D:3      | Reached XP level 4. HP: 40/40 MP: 0/5
  2576 | D:3      | Noticed a kobold brigand
  2603 | D:3      | Killed a kobold brigand
  2604 | D:3      | Reached XP level 5. HP: 16/46 MP: 2/6
  2612 | D:3      | Reached skill level 2 in Unarmed Combat
  2864 | D:3      | Reached skill level 1 in Fighting
  2878 | D:3      | Reached XP level 6. HP: 16/55 MP: 3/8
  3391 | D:3      | Learned a level 2 spell: Static Discharge
  3659 | D:3      | Found Olad's Assorted Antiques.
  3893 | D:4      | Reached skill level 3 in Unarmed Combat
  3922 | D:4      | Reached XP level 7. HP: 62/62 MP: 9/9
  3939 | D:4      | Found a glowing drain.
  3955 | Sewer    | Entered a sewer
  3958 | Sewer    | Noticed Pargi
  3969 | Sewer    | Killed Pargi
  4788 | D:4      | Found an iron altar of Okawaru.
  4788 | D:4      | Found a bloodstained altar of Trog.
  4871 | D:5      | Entered Level 5 of the Dungeon
  5169 | D:5      | Reached XP level 8. HP: 72/72 MP: 7/11
  5221 | D:5      | Noticed Eustachio
  5248 | D:5      | Killed Eustachio
  5513 | D:5      | Reached skill level 4 in Unarmed Combat
  5530 | D:5      | Found a staircase to the Ecumenical Temple.
  5542 | D:5      | Reached skill level 1 in Armour
  5545 | Temple   | Entered the Ecumenical Temple
  5609 | Temple   | Became a worshipper of Cheibriados the Contemplative
  5767 | D:6      | Found a sand-covered staircase.
  5782 | Ossuary  | Entered an ossuary
  5926 | Ossuary  | Reached * piety under Cheibriados
  6333 | D:6      | Reached skill level 5 in Unarmed Combat
  6370 | D:6      | Learned a level 6 spell: Statue Form
  6473 | D:6      | Noticed a troll
  6481 | D:6      | Killed a troll
  6482 | D:6      | Reached XP level 9. HP: 35/81 MP: 13/13
  6545 | D:6      | Reached ** piety under Cheibriados
  6702 | D:6      | Noticed Blork the orc
  6711 | D:6      | Killed Blork the orc
  6800 | D:6      | Noticed a two-headed ogre
  6842 | D:7      | Noticed a cyclops
  6855 | D:7      | Killed a cyclops
  6856 | D:7      | Reached skill level 6 in Unarmed Combat
  6856 | D:7      | Reached skill level 1 in Transmutations
  6856 | D:7      | Reached skill level 1 in Earth Magic
  6904 | D:7      | Learned a level 4 spell: Airstrike
  6948 | D:7      | Paralysed by a hornet for 1 turns
  7334 | D:7      | Gained mutation: You passively map a small area around you.
                  | [potion of mutation]
  7334 | D:7      | Gained mutation: You passively map the area around you.
                  | [potion of mutation]
  7334 | D:7      | Gained mutation: You tend to lose your temper in combat.
                  | [potion of mutation]
  7666 | D:8      | Found Ifyefy's Magic Scroll Boutique.
  7774 | D:8      | Reached XP level 10. HP: 80/92 MP: 15/15
  7924 | D:8      | Reached *** piety under Cheibriados
  8104 | D:8      | Found a staircase to the Lair.
  8769 | D:9      | Reached skill level 7 in Unarmed Combat
  9155 | D:9      | Noticed a centaur warrior
  9326 | D:9      | Identified a scroll of acquirement
  9326 | D:9      | Acquired the +10 demon blade "Piuschiq" {pain, rC+ Dex+2
                  | Stlth+}
  9411 | D:9      | Reached skill level 5 in Dodging
  9417 | D:9      | Reached **** piety under Cheibriados
  9424 | D:9      | Reached skill level 1 in Long Blades
  9424 | D:9      | Reached skill level 5 in Spellcasting
  9492 | D:9      | Killed a centaur warrior
  9677 | D:9      | Reached XP level 11. HP: 100/100 MP: 17/17
 10108 | D:9      | Reached skill level 5 in Air Magic
 10328 | D:9      | Found a sacrificial altar of Ru.
 10392 | D:10     | Entered Level 10 of the Dungeon
 10398 | D:10     | Reached ***** piety under Cheibriados
 10449 | D:10     | Got Vohocol's Grimoire of the Blistering Birds
 10722 | D:10     | Found a hazy altar of Hepliaklqana.
 10776 | D:10     | Found a stormy altar of Qazlal.
 10776 | D:10     | Noticed a deep elf pyromancer
 10780 | D:10     | Killed a deep elf pyromancer
 10808 | D:10     | Found a glowing silver altar of Zin.
 10812 | D:10     | Found an ancient bone altar of Kikubaaqudgha.
 10812 | D:10     | Found an ornate altar of the Wu Jian Council.
 10820 | D:10     | Found an opulent altar of Gozag.
 10885 | D:10     | Reached skill level 8 in Unarmed Combat
 11005 | D:10     | Noticed an ogre mage
 11005 | D:10     | Noticed a two-headed ogre
 11005 | D:10     | Noticed a two-headed ogre
 11023 | D:10     | Noticed a two-headed ogre
 11035 | D:10     | Killed a two-headed ogre
 11041 | D:10     | Killed a two-headed ogre
 11054 | D:10     | Noticed a cyan ugly thing
 11067 | D:10     | Mangled by a two-headed ogre

Illustrated notes

Levels and vault maps discovered:
D:1:      dpeg_arrival_tiny_d, layout_loops_ring, ebering_ecumenical_altar_box,
          nrook_campfire
D:2:      layout_basic, serial_shops, shop_fountains, basic_altar,
          grunt_decor_fettered, kennysheep_generic_room_15
D:3:      minmay_goblin_kobold_castle, layout_basic, serial_shops, shop
D:4:      layout_loops_ring, grunt_temple_overflow_bloody_war,
          gup_sewer_entry_bubbles, minmay_manual_mares
D:5:      layout_basic, minmay_temple_entry_glass, uniq_eustachio
D:6:      cheibrodos_two_vegetables, layout_loops_cross, enter_ossuary_3,
          st_stairs_5, uniq_blork_the_orc
D:7:      layout_cave_pools, small_statue_intersection
D:8:      layout_basic, lair_entry_dummy, serial_shops, nicolae_stop_n_shop_2
D:9:      layout_small_grid, mainiacjoe_overflow_catwalk, special_room
          [special_room_bee], nrook_uturn
D:10:     kennysheep_big_flooded_room, layout_basic, overflow_temple_1_default,
          nicolae_overflow_hallway_of_the_gods
Temple:   dshaligram_water_room_temple

Skill      XL: |  1  2  3  4  5  6  7  8  9 10 11 |
---------------+----------------------------------+-----
Unarmed Combat | 1 2 3 5 6 7 8 |  8.7
Conjurations   | 1 2 3 |  3.2
Dodging        | 2 3 4 5 |  5.8
Fighting       | 1 2 3 4 |  4.8
Spellcasting   | 2 3 4 5 |  5.7
Air Magic      | 3 4 5 |  5.7
Armour         | 1 2 |  2.6
Transmutations | 1 2 3 |  3.1
Earth Magic    | 1 2 3 |  3.4
Long Blades    | 1 2 |  2.0
Stealth        | |  1.4

Action                   |  1- 3 |  4- 6 |  7- 9 | 10-12 || total
-------------------------+-------+-------+-------+-------++-------
Melee: Unarmed           |    93 |   131 |   247 |   225 ||   696
       Punch             |       |     2 |     6 |    10 ||    18
       Demon blade       |       |       |       |     6 ||     6
Throw: Large rock        |       |       |     1 |     3 ||     4
 Cast: Shock             |    52 |    63 |   120 |    44 ||   279
       Static Discharge  |       |     1 |    66 |     6 ||    73
       Airstrike         |       |       |    12 |    66 ||    78
  Use: Scroll            |     1 |     2 |     9 |     6 ||    18
       Potion            |       |     3 |     3 |     1 ||     7
 Stab: Sleeping          |       |     1 |     2 |       ||     3
Armor: Robe              |    40 |    56 |    10 |       ||   106
       Skin              |       |    28 |       |     3 ||    31
       Troll leather arm |       |       |   155 |    97 ||   252
Dodge: Dodged            |    48 |    96 |   236 |   208 ||   588

Table legend: (Time is in decaauts)
 A = Elapsed time spent in this place.
 B = Non-inter-level travel time spent in this place.
 C = Inter-level travel time spent in this place.
 D = Time resting spent in this place.
 E = Time spent auto-exploring this place.
 F = Levels seen in this place.
 G = Mean time per level.
                   A        B        C        D        E       F      G
               +--------+--------+--------+--------+--------+-----+--------+
         Total |  12990 |  12647 |    343 |   1222 |   8660 |  13 |  999.2 |
       Dungeon |  12344 |  12012 |    332 |   1222 |   8270 |  10 | 1234.4 |
        Temple |     76 |     66 |     10 |      0 |     48 |   1 |   76.0 |
         Sewer |    150 |    150 |      0 |      0 |     94 |   1 |  150.0 |
       Ossuary |    419 |    419 |      0 |      0 |    248 |   1 |  419.0 |
               +--------+--------+--------+--------+--------+-----+--------+

Top non-repeatable levels by time:
     D:9: 2320 daAuts
     D:3: 1985 daAuts
     D:8: 1418 daAuts
     D:7: 1089 daAuts
     D:1: 1053 daAuts
     D:6: 1024 daAuts
    D:10: 975 daAuts
     D:4: 901 daAuts
     D:2: 810 daAuts
     D:5: 766 daAuts
 Ossuary: 419 daAuts
   Sewer: 150 daAuts
  Temple: 76 daAuts
